 Dungeon Crawl Stone Soup version 0.30-a0-377-g5cb311bc9f (webtiles) character file.

Game seed: 13452954205872662277

606 KennySheep the Shooter (level 6, -1/52 HPs)
             Began as a Demigod Hunter on Nov 29, 2022.
             Slain by a lemure (5 damage)
             ... led by Pikel
             ... on level 5 of the Dungeon.
             The game lasted 00:07:30 (3311 turns).

KennySheep the Shooter (Demigod Hunter)             Turns: 3311, Time: 00:07:31

Health: -1/52      AC:  5    Str: 12      XL:     6   Next: 98%
Magic:  8/8        EV: 14    Int: 11      God:
Gold:   149        SH:  0    Dex: 23 (25) Spells: 5/5 levels left

rFire   . . .      SeeInvis +    a - +0 shortbow
rCold   . . .      Faith    .    (shield currently unavailable)
rNeg    . . .      Spirit   .    c - +0 leather armour
rPois   .          Reflect  .    (no helmet)
rElec   .          Harm     .    n - +0 cloak
rCorr   .          Rampage  .    k - +0 pair of gloves
Will    .....                    (no boots)
Stlth   +.........               r - amulet of the acrobat
HPRegen 0.28/turn                t - ring of see invisible
MPRegen 0.11/turn                (no ring)

@: confused, ambrosia-drunk, flying
A: high MP 1, forlorn, divine attributes
a: no special abilities


You were on level 5 of the Dungeon.
You visited 1 branch of the dungeon, and saw 5 of its levels.

You collected 149 gold pieces.

Inventory:

Hand Weapons
 a - a +0 shortbow (weapon)
Armour
 c - a +0 leather armour (worn)
 k - a +0 pair of gloves (worn)
 n - a +0 cloak (worn)
Jewellery
 o - the ring "Viymegaw" {rElec rF+ Str+4 Dex+4 Slay-6}
   (You found it on level 2 of the Dungeon)

   [ring of protection from fire]

   Str:       It affects your strength (+4).
   Dex:       It affects your dexterity (+4).
   Slay:      It affects your accuracy & damage with ranged weapons and melee
   (-6).
   rF:        It protects you from fire.
   rElec:     It insulates you from electricity.
 r - an amulet of the acrobat (around neck)
 t - a ring of see invisible (left hand)
Scrolls
 b - 2 scrolls of immolation
 d - 3 scrolls of teleportation
 g - a scroll of poison
 i - a scroll of fear
 m - 2 scrolls of enchant weapon {unknown}
 p - a scroll of summoning
 q - 2 scrolls of vulnerability
 u - a scroll of identify
 v - a scroll of magic mapping {unknown}
Potions
 e - a potion of degeneration
 s - a potion of haste {unknown}


   Skills:
 + Level 3.8 Fighting
 + Level 5.1 Ranged Weapons
 + Level 3.9 Dodging
 + Level 3.8 Stealth


You had 5 spell levels left.
You didn't know any spells.
Your spell library contained the following spells:

 Spells                   Type           Power      Damage    Failure   Level
 Portal Projectile        Hex/Tloc       0%         N/A       80%         3
 Tukima's Dance           Hex            0%         N/A       80%         3
 Blade Hands              Tmut           0%         N/A       100%        5


Dungeon Overview and Level Annotations

Branches:
Dungeon (5/15)
 Temple: D:4-7

Shops:
D:3 [

Annotations:
D:5 Edmund, Pikel


Innate Abilities, Weirdness & Mutations

You have an increased reservoir of magic. (+10% MP)
You shall have no god before yourself.
Your divine heritage dramatically boosts your attributes as you level up.


Message History

The hound bites you. The lemure misses you. The hound bites you.
You shoot an arrow. The arrow hits the lemure!
The lemure is heavily wounded.
The lemure hits you. The hound bites you but does no damage.
The lemure misses you. The hound closely misses you.
You shoot an arrow.
The arrow hits the lemure but does no damage.
The lemure is heavily wounded.
You hear a shout!
The hound barely misses you. The lemure misses you. The hound bites you.
You shoot an arrow. The arrow barely misses the lemure.
The hound bites you. The lemure closely misses you. The hound bites you.
You shoot an arrow. The arrow barely misses the lemure.
The lemure closely misses you. The hound misses you.
You shoot an arrow. The arrow closely misses the lemure.
The hound bites you but does no damage. The lemure barely misses you.
The hound bites you.
* * * LOW HITPOINT WARNING * * *
The lemure barely misses you.
It was a potion of curing.
You feel better. The hound barely misses you. The hound bites you.
The lemure hits you.
* * * LOW HITPOINT WARNING * * *
It was a potion of flight.
You feel very buoyant.
You fly up into the air.
The hound barely misses you. The lemure hits you.
* * * LOW HITPOINT WARNING * * *
You shoot an arrow.
The arrow hits the lemure but does no damage.
The lemure is heavily wounded.
The hound bites you.
* * * LOW HITPOINT WARNING * * *
The hound bites you.
* * * LOW HITPOINT WARNING * * *
The lemure misses you.
It was a potion of ambrosia.
You are confused.
You feel invigorated. The hound bites you.
* * * LOW HITPOINT WARNING * * *
The lemure hits you.
You die...

#.......##...#
#.<..........#
#......>##...## ..
##.......##..$.#....
#...<..K............
#.....##.######.#.#...
..... #.# #...........
..######.###5##.....###
. #...>.5@hK##........
..$..###.####...#######
... #.# ...# # #.# .###
#.# .# #.# .# #.. .#
##.


You could see Pikel, 2 lemures and a hound.

Vanquished Creatures
  A water moccasin (D:5)
  An ogre (D:3)
  A lemure (D:5)
  A howler monkey (D:4)
  3 hounds (D:4)
  2 jellies (D:4)
  An orc priest (D:4)
  An iguana (D:4)
  An orc wizard (D:3)
  Terence (D:3)
  2 adders
  3 dart slugs
  2 worms
  9 orcs
  7 endoplasms
  5 giant cockroaches
  11 goblins
  6 hobgoblins
  9 jackals
  5 kobolds
  3 quokkas
  8 ball pythons
  6 bats
  3 frilled lizards
  7 rats
99 creatures vanquished.

Notes
Turn   | Place    | Note
-------+----------+-------------------------------------------
     0 | D:1      | KennySheep the Demigod Hunter began the quest for the Orb.
     0 | D:1      | Reached XP level 1. HP: 17/17 MP: 3/3
    95 | D:1      | Reached skill level 1 in Stealth
   231 | D:1      | Reached XP level 2. HP: 24/24 MP: 4/4
   602 | D:2      | Reached XP level 3. HP: 29/29 MP: 5/5
   996 | D:2      | Identified the ring "Viymegaw" {rElec rF+ Str+4 Dex+4
                  | Slay-6}
  1109 | D:2      | Reached skill level 4 in Ranged Weapons
  1325 | D:3      | Reached XP level 4. HP: 15/37 MP: 6/6
  1524 | D:3      | Found Jitwos's Armour Boutique.
  1632 | D:3      | Noticed an ogre
  1641 | D:3      | Killed an ogre
  1642 | D:3      | Reached XP level 5. HP: 43/45 MP: 7/7
  1744 | D:3      | Noticed Terence
  1751 | D:3      | Killed Terence
  2307 | D:4      | Reached XP level 6. HP: 41/51 MP: 8/8
  3108 | D:5      | Entered Level 5 of the Dungeon
  3108 | D:5      | Noticed Edmund
  3140 | D:5      | Noticed a water moccasin
  3162 | D:5      | Killed a water moccasin
  3163 | D:5      | Reached skill level 5 in Ranged Weapons
  3284 | D:5      | Noticed Pikel
  3310 | D:5      | HP: 1/52 [hound (4)]
  3311 | D:5      | Slain by a lemure

Illustrated notes

Levels and vault maps discovered:
D:1:      ncdulo_smallfort, layout_rooms
D:2:      layout_loops_ring, basic_altar
D:3:      layout_basic, serial_shops, shop, uniq_terence
D:4:      layout_basic, mainiacjoe_overflow_surrounded_room
D:5:      layout_rooms, uniq_duvessa, uniq_edmund, uniq_grinder, uniq_pikel

Skill      XL: |  1  2  3  4  5  6 |
---------------+-------------------+-----
Stealth        | 1 2 3 |  3.8
Fighting       | 2 3 |  3.8
Dodging        | 2 3 |  3.9
Ranged Weapons | 4 5 |  5.1

Action                   |  1- 3 |  4- 6 || total
-------------------------+-------+-------++-------
 Fire: Shortbow          |   119 |   210 ||   329
  Use: Scroll            |       |     5 ||     5
       Potion            |       |     6 ||     6
Armor: Leather armour    |    20 |    28 ||    48
Dodge: Dodged            |    32 |   120 ||   152

Table legend: (Time is in decaauts)
 A = Elapsed time spent in this place.
 B = Non-inter-level travel time spent in this place.
 C = Inter-level travel time spent in this place.
 D = Time resting spent in this place.
 E = Time spent auto-exploring this place.
 F = Levels seen in this place.
 G = Mean time per level.
                   A        B        C        D        E       F      G
               +--------+--------+--------+--------+--------+-----+--------+
         Total |   3418 |   3312 |    106 |    190 |   2446 |   5 |  683.6 |
       Dungeon |   3418 |   3312 |    106 |    190 |   2446 |   5 |  683.6 |
               +--------+--------+--------+--------+--------+-----+--------+

Top non-repeatable levels by time:
     D:4: 1003 daAuts
     D:3: 885 daAuts
     D:2: 768 daAuts
     D:1: 578 daAuts
     D:5: 183 daAuts
